APP
GRAND JUNCTION ROCKIES @ SAN DIEGO (APP) PADRES
05/19/2045
 
TOP OF THE 1ST
Grand Junction Rockies batting - Pitching for San Diego (APP) Padres : RHP Mason Broderick
Pitching: RHP Mason Broderick
Batting: LHB Steve Gilliam 0-0: Fly out, F6 (Popup, 4M, EV 65.6 MPH)
Batting: LHB Chris Salim 0-0: Ball
1-0: Ball
2-0: Foul Ball, location: 2F
2-1: Swinging Strike
2-2: Ball
3-2: Foul Ball, location: 2F
3-2: Foul Ball, location: 2F
3-2: Foul Ball, location: 2F
3-2: Strikes out swinging
Batting: SHB Bobby Santor 0-0: Ball
1-0: Foul Ball, location: 2F
1-1: Foul Ball, location: 2F
1-2: Ball
2-2: Ball
3-2: Base on Balls
Batting: RHB John Boyer 0-0: Called Strike
Bobby Santor steals 2nd base
0-1: Ball
1-1: Ground out 6-3 (Groundball, 56D, EV 86.2 MPH)
Top of the 1st over - 0 runs, 0 hits, 0 errors, 1 left on base; Grand Junction 0 - San Diego (APP) 0
BOTTOM OF THE 1ST
San Diego (APP) Padres batting - Pitching for Grand Junction Rockies : LHP Kyle Mearkle
Pitching: LHP Kyle Mearkle
Batting: LHB Tony Contreras 0-0: Called Strike
0-1: Called Strike
0-2: Ball
1-2: Ball
2-2: Ball
3-2: Foul Ball, location: 2F
3-2: Strikes out looking
Batting: RHB Freddie Brown 0-0: Ball
1-0: Ball
2-0: Called Strike
2-1: Ball
3-1: Called Strike
3-2: Foul Ball, location: 2F
3-2: Foul Ball, location: 2F
3-2: Fly out, F7 (Line Drive, 7, EV 95.0 MPH)
Batting: LHB Sammy Roddenberry 0-0: Foul Ball, location: 2F
0-1: Ball
1-1: Foul Ball, location: 2F
1-2: Foul Ball, location: 2F
1-2: Ball
2-2: Ball
3-2: Base on Balls
Batting: RHB Antonio Lara 0-0: Ball
1-0: Ball
2-0: Swinging Strike
2-1: Foul Ball, location: 2F
2-2: Foul Ball, location: 2F
2-2: Ball
3-2: Strikes out swinging
Bottom of the 1st over - 0 runs, 0 hits, 0 errors, 1 left on base; Grand Junction 0 - San Diego (APP) 0
TOP OF THE 2ND
Grand Junction Rockies batting - Pitching for San Diego (APP) Padres : RHP Mason Broderick
Batting: RHB Ryan Rinaldi 0-0: Ball
1-0: Ball
2-0: Ball
3-0: Base on Balls
Batting: RHB Juan Figueroa 0-0: Fly out, F7 (Line Drive, 7, EV 92.5 MPH)
Batting: RHB John Stevenson 0-0: Ball
1-0: Ball
2-0: Foul Ball, location: 2F
2-1: SINGLE (Groundball, 4MD, EV 103.1 MPH)
Ryan Rinaldi to second
Batting: RHB Yamashita Yagi 0-0: Foul Ball, location: 2F
0-1: Called Strike
0-2: Ball
1-2: Ball
2-2: 3-RUN HOME RUN (Flyball, 9D, EV 93.8 MPH), Distance : 365 ft
Batting: RHB Matt Cone 0-0: Swinging Strike
0-1: SINGLE (Line Drive, 4M, EV 100.0 MPH)
Batting: LHB Steve Gilliam 0-0: Ball
Matt Cone steals 2nd base
1-0: Ball
2-0: Ball
3-0: Base on Balls
Batting: LHB Chris Salim 0-0: Called Strike
0-1: Swinging Strike
0-2: Ball
1-2: Ball
2-2: Fly out, F7 (Flyball, 7, EV 90.0 MPH)
Batting: SHB Bobby Santor 0-0: SINGLE (Groundball, 4D, EV 103.8 MPH)
Matt Cone to third
Steve Gilliam to second
Runner from 3rd tries for Home, SAFE, throw by RF to home
Steve Gilliam to third
Bobby Santor to second
Batting: RHB John Boyer 0-0: Called Strike
0-1: Ground out 4-3 (Groundball, 4, EV 106.9 MPH)
Top of the 2nd over - 4 runs, 4 hits, 0 errors, 2 left on base; Grand Junction 4 - San Diego (APP) 0
BOTTOM OF THE 2ND
San Diego (APP) Padres batting - Pitching for Grand Junction Rockies : LHP Kyle Mearkle
Batting: RHB Kalidas Mishra 0-0: Ball
1-0: Ball
2-0: Called Strike
2-1: SINGLE (Flyball, 78S, EV 93.1 MPH)
Batting: RHB Hector Fernandez 0-0: Called Strike
Kalidas Mishra steals 2nd base
0-1: Ground out 5-3 (Groundball, 56, EV 85.0 MPH)
Batting: RHB Aaron Joseph 0-0: Ball
1-0: Called Strike
1-1: SINGLE (Flyball, 7LM, EV 89.4 MPH)
Kalidas Mishra to third
Batting: RHB Max Stillo 0-0: Called Strike
0-1: Ball
1-1: Ball
2-1: Ball
3-1: Base on Balls
Aaron Joseph to second
Batting: RHB Ed Oake 0-0: Ball
1-0: Ball
2-0: Called Strike
2-1: Foul Ball, location: 2F
2-2: DOUBLE (Flyball, 9LD, EV 109.4 MPH)
Kalidas Mishra scores
Aaron Joseph scores
Max Stillo to third
Batting: LHB Tony Contreras 0-0: Called Strike
0-1: Ball
1-1: 3-RUN HOME RUN (Flyball, 89XD, EV 107.5 MPH), Distance : 426 ft
Batting: RHB Freddie Brown 0-0: Ball
1-0: Called Strike
1-1: SINGLE (Groundball, 56D, EV 95.6 MPH)
Batting: LHB Sammy Roddenberry Pickoff Throw to First - Error! E1
Freddie Brown to second
0-0: Ball
1-0: Called Strike
1-1: Called Strike
1-2: Ball
2-2: Strikes out swinging
Batting: RHB Antonio Lara 0-0: Ball
1-0: Called Strike
1-1: Ground out 5-3 (Groundball, 56, EV 93.8 MPH)
Bottom of the 2nd over - 5 runs, 5 hits, 1 error, 1 left on base; Grand Junction 4 - San Diego (APP) 5
TOP OF THE 3RD
Grand Junction Rockies batting - Pitching for San Diego (APP) Padres : RHP Mason Broderick
Batting: RHB Ryan Rinaldi 0-0: Foul Ball, location: 2F
0-1: Foul Ball, location: 2F
0-2: Ball
1-2: Ball
2-2: Foul Ball, location: 2F
2-2: Foul Ball, location: 2F
2-2: Foul Ball, location: 2F
2-2: SINGLE (Line Drive, 9S, EV 97.5 MPH)
Batting: RHB Juan Figueroa 0-0: Called Strike
0-1: Ball
1-1: Ball
2-1: Ball
3-1: Base on Balls
Ryan Rinaldi to second
Batting: RHB John Stevenson 0-0: Ball
1-0: Called Strike
1-1: Ball
2-1: Called Strike
2-2: Ball
3-2: Foul Ball, location: 2F
3-2: Foul Ball, location: 2F
3-2: Fielders Choice at 2nd, 3-6 (Groundball, 34S, EV 88.8 MPH)
Ryan Rinaldi to third
Batting: RHB Yamashita Yagi 0-0: Ball
1-0: Called Strike
1-1: Called Strike
1-2: Hit by Pitch
John Stevenson to second
Batting: RHB Matt Cone 0-0: Called Strike
0-1: Fielders Choice at 2nd, 6-4 (Groundball, 6, EV 87.5 MPH)
Ryan Rinaldi scores
John Stevenson to third
Batting: LHB Steve Gilliam 0-0: Ball
1-0: Foul Ball, location: 2F
1-1: Fly out, F7 (Line Drive, 7, EV 98.1 MPH)
Top of the 3rd over - 1 run, 1 hit, 0 errors, 2 left on base; Grand Junction 5 - San Diego (APP) 5
BOTTOM OF THE 3RD
San Diego (APP) Padres batting - Pitching for Grand Junction Rockies : LHP Kyle Mearkle
Batting: RHB Kalidas Mishra 0-0: Ball
1-0: Swinging Strike
1-1: Ground out 6-3 (Groundball, 6, EV 106.9 MPH)
Batting: RHB Hector Fernandez 0-0: Swinging Strike
0-1: Swinging Strike
0-2: Fly out, F7 (Flyball, 78D, EV 90.6 MPH)
Batting: RHB Aaron Joseph 0-0: Called Strike
0-1: Called Strike
0-2: Ball
1-2: Ball
2-2: Strikes out swinging
Bottom of the 3rd over - 0 runs, 0 hits, 0 errors, 0 left on base; Grand Junction 5 - San Diego (APP) 5
TOP OF THE 4TH
Grand Junction Rockies batting - Pitching for San Diego (APP) Padres : RHP Mason Broderick
Batting: LHB Chris Salim 0-0: Called Strike
0-1: Ball
1-1: Ball
2-1: Called Strike
2-2: Foul Ball, location: 2F
2-2: SINGLE (Line Drive, 89S, EV 89.4 MPH)
Batting: SHB Bobby Santor 0-0: Called Strike
0-1: Foul Ball, location: 2F
0-2: Foul Ball, location: 2F
0-2: Ball
1-2: Ball
2-2: Ball
3-2: Ground out 4-3 (Groundball, 4, EV 81.2 MPH)
Chris Salim to second
Batting: RHB John Boyer 0-0: Ball
1-0: Foul Ball, location: 2F
1-1: Ball
2-1: DOUBLE (Line Drive, 9LM, EV 108.8 MPH)
Chris Salim scores
Pitching: LHP Ismael Diaz
Batting: RHB Ryan Rinaldi 0-0: Foul Ball, location: 2F
0-1: Ball
1-1: TRIPLE (Flyball, 89XD, EV 100.0 MPH)
John Boyer scores
Batting: RHB Juan Figueroa 0-0: Ball
1-0: Ball
2-0: Swinging Strike
2-1: Swinging Strike
2-2: Ball
3-2: SINGLE (Groundball, 25, EV 67.5 MPH) (infield hit)
Batting: RHB John Stevenson 0-0: Ball
1-0: Fielders Choice at 2nd, 3-6 (Groundball, 34S, EV 76.2 MPH)
Ryan Rinaldi scores
Batting: RHB Yamashita Yagi 0-0: Ball
1-0: Ball
2-0: Ball
3-0: Foul Ball, location: 2F
3-1: DOUBLE (Line Drive, 78XD, EV 105.0 MPH)
John Stevenson to third
Runner from 3rd tries for Home, throw by LF and OUT! 7-6-2
Top of the 4th over - 3 runs, 5 hits, 0 errors, 1 left on base; Grand Junction 8 - San Diego (APP) 5
BOTTOM OF THE 4TH
San Diego (APP) Padres batting - Pitching for Grand Junction Rockies : LHP Kyle Mearkle
Batting: RHB Max Stillo 0-0: Foul Ball, location: 2F
0-1: Called Strike
0-2: Ground out 6-3 (Groundball, 56, EV 109.4 MPH)
Batting: RHB Ed Oake 0-0: Ball
1-0: Ball
2-0: Called Strike
2-1: Ball
3-1: Base on Balls
Batting: LHB Tony Contreras 0-0: Ball
1-0: Called Strike
1-1: Ball
2-1: Ball
3-1: Base on Balls
Ed Oake to second
Batting: RHB Freddie Brown 0-0: Foul Ball, location: 2F
0-1: Ball
1-1: Called Strike
1-2: Foul Ball, location: 2F
1-2: Ball
2-2: SINGLE (Flyball, 9LS, EV 95.6 MPH)
Ed Oake to third
Tony Contreras to second
Batting: LHB Sammy Roddenberry 0-0: Ball
1-0: Ball
2-0: Fly out, F7 (Flyball, 78D, EV 87.5 MPH)
Runner from 3rd tags up, SCORES, no throw by LF
Batting: RHB Antonio Lara 0-0: Called Strike
0-1: Ball
1-1: Called Strike
1-2: Ball
2-2: Ball
3-2: Ground out 5-3 (Groundball, 56, EV 91.2 MPH)
Bottom of the 4th over - 1 run, 1 hit, 0 errors, 2 left on base; Grand Junction 8 - San Diego (APP) 6
TOP OF THE 5TH
Grand Junction Rockies batting - Pitching for San Diego (APP) Padres : LHP Ismael Diaz
Batting: RHB Matt Cone 0-0: Ball
1-0: Called Strike
1-1: Swinging Strike
1-2: Strikes out swinging
Batting: LHB Steve Gilliam 0-0: Swinging Strike
0-1: Called Strike
0-2: Strikes out swinging
Pitching: LHP Jay Bowen
Batting: LHB Chris Salim 0-0: Called Strike
0-1: Foul Ball, location: 2F
0-2: Ball
1-2: Ball
2-2: Fly out, F8 (Flyball, 8RM, EV 90.6 MPH)
Top of the 5th over - 0 runs, 0 hits, 0 errors, 0 left on base; Grand Junction 8 - San Diego (APP) 6
BOTTOM OF THE 5TH
San Diego (APP) Padres batting - Pitching for Grand Junction Rockies : LHP Kyle Mearkle
Pitching: RHP Melvin Pena
Batting: RHB Kalidas Mishra 0-0: Ground out U3 (Groundball, 34, EV 90.0 MPH)
Batting: RHB Hector Fernandez 0-0: Foul Ball, location: 2F
0-1: Called Strike
0-2: Ball
1-2: Ball
2-2: DOUBLE (Flyball, 8RXD, EV 106.9 MPH)
Batting: RHB Aaron Joseph 0-0: Foul Ball, location: 2F
0-1: Swinging Strike
0-2: Ball
1-2: Ball
2-2: Ball
3-2: Base on Balls
Batting: RHB Max Stillo 0-0: Foul Ball, location: 2F
0-1: Foul Ball, location: 2F
0-2: Ball
1-2: Strikes out looking
Batting: RHB Ed Oake 0-0: Ball
1-0: Ball
2-0: Called Strike
2-1: DOUBLE (Groundball, 5L, EV 98.8 MPH)
Hector Fernandez scores
Aaron Joseph to third
Runner from 3rd tries for Home, SAFE, throw by LF to trailing runner, SAFE at third!
Batting: LHB Tony Contreras 0-0: Fly out, F7 (Flyball, 78D, EV 103.1 MPH)
Bottom of the 5th over - 2 runs, 2 hits, 0 errors, 1 left on base; Grand Junction 8 - San Diego (APP) 8
TOP OF THE 6TH
Grand Junction Rockies batting - Pitching for San Diego (APP) Padres : LHP Jay Bowen
Batting: SHB Bobby Santor 0-0: Ball
1-0: Swinging Strike
1-1: Foul Ball, location: 2F
1-2: Strikes out looking
Batting: RHB John Boyer 0-0: Ball
1-0: Ball
2-0: Foul Ball, location: 2F
2-1: Ball
3-1: Fly out, F3 (Popup, 3F, EV 72.5 MPH)
Batting: RHB Ryan Rinaldi 0-0: Called Strike
0-1: Called Strike
0-2: Ball
1-2: Foul Ball, location: 2F
1-2: Ball
2-2: Foul Ball, location: 2F
2-2: Fly out, F8 (Flyball, 8RXD, EV 94.4 MPH)
Top of the 6th over - 0 runs, 0 hits, 0 errors, 0 left on base; Grand Junction 8 - San Diego (APP) 8
BOTTOM OF THE 6TH
San Diego (APP) Padres batting - Pitching for Grand Junction Rockies : RHP Melvin Pena
Batting: RHB Freddie Brown 0-0: Ball
1-0: Called Strike
1-1: Called Strike
1-2: Foul Ball, location: 2F
1-2: Foul Ball, location: 2F
1-2: Ball
2-2: DOUBLE (Line Drive, 78D, EV 107.5 MPH)
Batting: LHB Sammy Roddenberry 0-0: SINGLE (Groundball, 23, EV 73.1 MPH) (infield hit)
Freddie Brown to third
Batting: RHB Antonio Lara 0-0: Ball
1-0: Ball
Wild Pitch!
Freddie Brown scores
Sammy Roddenberry to second
2-0: Called Strike
2-1: Ball
3-1: Swinging Strike
3-2: Foul Ball, location: 2F
3-2: Fly out, F9 (Flyball, 9, EV 89.4 MPH)
Pitching: LHP Ryan Morlan
Batting: RHB Kalidas Mishra 0-0: Fly out, F7 (Flyball, 7LS, EV 91.2 MPH)
Batting: RHB Hector Fernandez 0-0: 2-RUN HOME RUN (Flyball, 78XD, EV 104.4 MPH), Distance : 411 ft
Batting: RHB Aaron Joseph 0-0: Swinging Strike
0-1: Ball
1-1: Called Strike
1-2: Ball
2-2: Ball
3-2: Foul Ball, location: 2F
3-2: Strikes out swinging
Bottom of the 6th over - 3 runs, 3 hits, 0 errors, 0 left on base; Grand Junction 8 - San Diego (APP) 11
TOP OF THE 7TH
Grand Junction Rockies batting - Pitching for San Diego (APP) Padres : LHP Jay Bowen
Pitching: RHP Mike Osgood
Batting: RHB Juan Figueroa 0-0: Foul Ball, location: 2F
0-1: Ball
1-1: DOUBLE (Popup, 4D, EV 47.5 MPH)
Batting: RHB John Stevenson 0-0: Called Strike
0-1: Ball
1-1: Called Strike
1-2: Ground out 4-3 (Groundball, 4M, EV 91.9 MPH)
Juan Figueroa to third
Batting: RHB Yamashita Yagi 0-0: Swinging Strike
0-1: Ball
1-1: Ground out 5-3 (Groundball, 56S, EV 71.9 MPH)
Juan Figueroa scores
Pinch Hitting: SHB Jeff Sorrels 0-0: Ball
1-0: Ball
2-0: SINGLE (Groundball, 4MD, EV 101.9 MPH)
Batting: LHB Steve Gilliam 0-0: Ball
1-0: Foul Ball, location: 2F
1-1: Foul Ball, location: 2F
1-2: Foul Ball, location: 2F
1-2: Fly out, F8 (Flyball, 8RD, EV 100.0 MPH)
Top of the 7th over - 1 run, 2 hits, 0 errors, 1 left on base; Grand Junction 9 - San Diego (APP) 11
BOTTOM OF THE 7TH
San Diego (APP) Padres batting - Pitching for Grand Junction Rockies : LHP Ryan Morlan
Pitching: RHP Vas Karamyshev
Now at SS: Jamie Locke
Batting: RHB Max Stillo 0-0: Ball
1-0: Ground out 5-3 (Groundball, 56, EV 107.5 MPH)
Batting: RHB Ed Oake 0-0: Ball
1-0: Called Strike
1-1: Called Strike
1-2: Strikes out swinging
Batting: LHB Tony Contreras 0-0: Foul Ball, location: 2F
0-1: Foul Ball, location: 2F
0-2: Ball
1-2: TRIPLE (Flyball, 89XD, EV 113.1 MPH)
Batting: RHB Freddie Brown 0-0: Ball
1-0: Called Strike
1-1: Ball
2-1: Fly out, F8 (Line Drive, 8RM, EV 85.6 MPH)
Bottom of the 7th over - 0 runs, 1 hit, 0 errors, 1 left on base; Grand Junction 9 - San Diego (APP) 11
TOP OF THE 8TH
Grand Junction Rockies batting - Pitching for San Diego (APP) Padres : RHP Mike Osgood
Batting: LHB Chris Salim 0-0: Called Strike
0-1: SOLO HOME RUN (Line Drive, 89XD, EV 108.8 MPH), Distance : 427 ft
Batting: SHB Bobby Santor 0-0: Called Strike
0-1: Called Strike
0-2: Ball
1-2: Foul Ball, location: 2F
1-2: Strikes out swinging
Pinch Hitting: LHB Zack Guillen 0-0: Swinging Strike
0-1: Ball
1-1: Swinging Strike
1-2: Strikes out swinging
Batting: RHB Ryan Rinaldi 0-0: Called Strike
0-1: Ball
1-1: DOUBLE (Flyball, 8LXD, EV 99.4 MPH)
Pitching: LHP Kentaro Shimasaki
Batting: RHB Juan Figueroa 0-0: Called Strike
0-1: Ball
Wild Pitch!
Ryan Rinaldi to third
1-1: Ball
2-1: Foul Ball, location: 2F
2-2: Strikes out swinging
Top of the 8th over - 1 run, 2 hits, 0 errors, 1 left on base; Grand Junction 10 - San Diego (APP) 11
BOTTOM OF THE 8TH
San Diego (APP) Padres batting - Pitching for Grand Junction Rockies : RHP Vas Karamyshev
Now at 3B: Henry Alvizo
Batting: LHB Sammy Roddenberry 0-0: Called Strike
0-1: Ball
1-1: Ball
2-1: Ground out U3 (Groundball, 34S, EV 83.8 MPH)
Batting: RHB Antonio Lara 0-0: Called Strike
0-1: Foul Ball, location: 2F
0-2: Foul Ball, location: 2F
0-2: Ball
1-2: Foul Ball, location: 2F
1-2: Ground out 6-3 (Groundball, 6, EV 88.1 MPH)
Batting: RHB Kalidas Mishra 0-0: Called Strike
0-1: Called Strike
0-2: Foul Ball, location: 2F
0-2: Ball
1-2: Strikes out swinging, 2-3 out at first.
Bottom of the 8th over - 0 runs, 0 hits, 0 errors, 0 left on base; Grand Junction 10 - San Diego (APP) 11
TOP OF THE 9TH
Grand Junction Rockies batting - Pitching for San Diego (APP) Padres : LHP Kentaro Shimasaki
Now at 1B: Hugo MacBeth
Now in RF: Ryan Brown
Batting: RHB John Stevenson 0-0: Ball
1-0: Reached on error, E3 (Groundball, 3, EV 81.2 MPH)
Batting: RHB Yamashita Yagi 0-0: Ball
1-0: Called Strike
1-1: Ball
2-1: Called Strike
2-2: Foul Ball, location: 2F
2-2: Ball
3-2: Foul Ball, location: 2F
3-2: Strikes out looking
Batting: SHB Jamie Locke 0-0: Ball
1-0: Fielders Choice at 2nd, 4-6 (Groundball, 4, EV 83.1 MPH)
Batting: LHB Steve Gilliam 0-0: Ball
1-0: Called Strike
1-1: Ball
2-1: Foul Ball, location: 2F
2-2: Strikes out swinging
Top of the 9th over - 0 runs, 0 hits, 1 error, 1 left on base; Grand Junction 10 - San Diego (APP) 11
Wednesday, June 22nd , 2022 - OOTP Baseball 23.4 Build 64